 Dungeon Crawl Stone Soup version 0.30-a0-782-ge64f9170bb (webtiles) character file.

Game seed: 16260490379823026958

5558 Barriton the Destroyer (level 10, -1/77 HPs)
             Began as a Grey Draconian Conjurer on Feb 24, 2023.
             Slain by a yak (6 damage)
             ... on level 10 of the Dungeon.
             The game lasted 00:15:48 (10152 turns).

Barriton the Destroyer (Grey Draconian Conjurer)   Turns: 10152, Time: 00:15:48

Health: -1/77      AC: 17    Str: 13 (16) XL:     10   Next: 44%
Magic:  2/22       EV: 14    Int: 18 (22) God:
Gold:   427        SH:  0    Dex: 15 (16) Spells: 20/26 levels left

rFire   . . .      SeeInvis .    n - staff of conjuration
rCold   . . .      Faith    .    (no shield)
rNeg    . . .      Spirit   .    (body armour unavailable)
rPois   .          Reflect  .    (helmet restricted)
rElec   .          Harm     .    m - +2 cloak
rCorr   .          Rampage  .    (no gloves)
Will    +....                    v - +1 pair of boots
Stlth   +++                      (no amulet)
HPRegen 0.32/turn                q - +6 ring of dexterity
MPRegen 0.18/turn                p - +6 ring of strength

@: no status effects
A: AC +12, amphibious, unfitting armour, cold-blooded, deterioration 1,
strong-willed 1, noise suppression
a: no special abilities


You were on level 10 of the Dungeon.
You visited 1 branch of the dungeon, and saw 10 of its levels.

You collected 427 gold pieces.

Inventory:

Hand Weapons
 c - a +0 spear
Armour
 m - a +2 cloak (worn)
 v - a +1 pair of boots (worn)
Magical Staves
 n - a staff of conjuration (weapon)
Jewellery
 p - a +6 ring of strength (right hand)
 q - a +6 ring of dexterity (left hand)
Wands
 a - a wand of flame (26)
 e - a wand of mindburst (35)
Scrolls
 h - a scroll of fog
 i - 4 scrolls of teleportation
 r - a scroll of amnesia
Potions
 b - a potion of degeneration
 d - a potion of cancellation {unknown}
 f - 6 potions of curing
 g - a potion of brilliance
 k - a potion of berserk rage {unknown}
 l - a potion of haste {unknown}
 o - 2 potions of heal wounds {unknown}
 s - a potion of lignification {unknown}
 u - a potion of magic


   Skills:
 + Level 3.2 Fighting
 + Level 3.9 Polearms
 + Level 5.0 Dodging
 + Level 5.2 Stealth
 + Level 0.6 Unarmed Combat
 + Level 8.8 Spellcasting
 + Level 9.8 Conjurations


You had 20 spell levels left.
You knew the following spells:

 Your Spells              Type           Power      Damage    Failure   Level
a - Magic Dart            Conj           100%       1d8       1%          1
b - Searing Ray           Conj           100%       2d8       1%          2
c - Dazzling Flash        Conj/Hex       76%        N/A       3%          3

Your spell library contained the following spells:

 Spells                   Type           Power      Damage    Failure   Level
 Mephitic Cloud           Conj/Pois/Air  29%        N/A       7%          3
 Fulminant Prism          Conj/Hex       19%        3d11      12%         4
 Iskenderun's Mystic Bla  Conj/Tloc      38%        2d9       12%         4
 Cigotuvi's Dreadful Rot  Necr/Pois/Air  14%        N/A       14%         2
 Poisonous Vapours        Pois/Air       14%        N/A       14%         2
 Gell's Gravitas          Tloc           7%         N/A       26%         3
 Teleport Other           Tloc           7%         N/A       26%         3
 Cause Fear               Hex            3%         N/A       65%         4
 Dispersal                Tloc           3%         N/A       100%        6
 Dragon Form              Tmut           3%         N/A       100%        7
 Dragon's Call            Summ           3%         N/A       100%        9


Dungeon Overview and Level Annotations

Branches:
Dungeon (10/15)            Temple (0/1) D:6             Orc (0/2) D:9
   Lair: D:8-11

Altars:
Dithmenos
Elyvilon
Hepliaklqana
Ru
Vehumet
Wu Jian
The Shining One


Innate Abilities, Weirdness & Mutations

Your dull iron-grey scales are very hard. (AC +12)
You are amphibious.
You cannot fit into any form of body armour.
You are cold-blooded and may be slowed by cold attacks.
Your body sometimes deteriorates upon taking damage.
You are strong-willed. (Will+)
You passively dampen the noise of your surroundings.


Message History

Aiming: Searing Ray (safe; 1% risk of failure)
Press: ? - help, Shift-Dir - straight line, f/p - yak
Aim: a yak (moderately wounded, 90% to hit)
You feel a surge of power!
The searing ray hits the yak.
The yak is moderately wounded. (Press . to maintain the ray.)
The yak misses you.
You hit the yak but do no damage.
Your tail-slap misses the yak.
The yak is moderately wounded.
The yak gores you but does no damage.
You hit the yak but do no damage.
The yak is moderately wounded.
The yak gores you but does no damage.
You barely miss the yak.
You tail-slap the yak, but do no damage.
The yak is moderately wounded.
The yak completely misses you.
You hit the yak. You tail-slap the yak. You punch the yak, but do no damage.
The yak is heavily wounded.
The yak gores you but does no damage.
You barely miss the yak. You tail-slap the yak.
The yak is heavily wounded.
The yak gores you but does no damage. The yak barely misses you.
You barely miss the yak.
The yak is heavily wounded.
The yak gores you but does no damage.
You barely miss the yak.
The yak is heavily wounded.
The yak gores you.
* * * LOW HITPOINT WARNING * * *
You hit the yak. You tail-slap the yak.
The yak is heavily wounded.
The yak closely misses you.
You hit the yak but do no damage.
You blast the yak!
The yak is severely wounded.
The yak completely misses you.
You hit the yak but do no damage.
The yak is severely wounded.
The yak gores you.
You die...

..... #.............# .. ......
#.............#
.#####..###..######..####
.............#.).........
............#...........
............#...........
#######...######..##..########
#.........#...................
#...(.....#..@.........†......
##......(..##.Y######..########
#.....†.....#..#..#....# ......
#...........#..#..#....# ......
#...........#..#..#....# ......
#########...##.#..###### ######
#.........# #.... #.<.......#
#.... #.........# .####..†.


You could see a yak.

Vanquished Creatures
  A hydra (D:9)
  Joseph (D:7)
  Maggie (D:6)
  Prince Ribbit (D:7)
  2 hornets (D:8)
  9 yaks
  Menkaure (D:4)
  An acid dragon (D:7)
  2 water moccasins
  2 ice beasts
  An ogre (D:7)
  2 wolves (D:10)
  A centaur (D:8)
  2 phantoms (D:6)
  2 kobold brigands
  A bullfrog (D:8)
  A gnoll sergeant (D:7)
  3 scorpions
  4 wights (D:7)
  A killer bee (D:9)
  2 howler monkeys (D:7)
  Crazy Yiuf (D:7)
  A gnoll bouda (D:5)
  3 orc priests (D:7)
  3 jellies
  Ijyb (D:4)
  5 iguanas
  3 orc wizards
  2 adders
  7 gnolls
  A shadow imp (D:6)
  A white imp (D:6)
  A worm (D:3)
  A dart slug (D:1)
  12 orcs
  4 endoplasms
  3 giant cockroaches
  4 goblins
  8 hobgoblins
  8 jackals
  3 quokkas
  2 ball pythons
  6 bats
  2 frilled lizards
  26 kobolds
  8 rats
157 creatures vanquished.

Vanquished Creatures (others)
  2 fungi (D:10)
  18 plants
20 creatures vanquished.

Grand Total: 177 creatures vanquished

Notes
Turn   | Place    | Note
-------+----------+-------------------------------------------
     0 | D:1      | Barriton the Draconian Conjurer began the quest for the
                  | Orb.
     0 | D:1      | Reached XP level 1. HP: 14/14 MP: 3/3
   198 | D:1      | Reached XP level 2. HP: 20/20 MP: 0/5
   717 | D:1      | Learned a level 2 spell: Searing Ray
  1319 | D:2      | Reached XP level 3. HP: 26/26 MP: 4/6
  1496 | D:2      | You fall into a shaft and drop 1 floor!
  1983 | D:2      | Found a faded altar of an unknown god.
  2819 | D:3      | Found a hazy altar of Hepliaklqana.
  2820 | D:3      | Found a shadowy altar of Dithmenos.
  2821 | D:3      | Noticed a shadow
  3084 | D:3      | Gained mutation: Your muscles are strong. (Str +4, Int/Dex
                  | -1) [potion of mutation]
  3084 | D:3      | Gained mutation: Your skin changes colour to match your
                  | surroundings (Stealth+). [potion of mutation]
  3085 | D:3      | Lost mutation: Your muscles are strong. (Str +4, Int/Dex
                  | -1) [potion of mutation]
  3085 | D:3      | Lost mutation: Your skin changes colour to match your
                  | surroundings (Stealth+). [potion of mutation]
  3085 | D:3      | Gained mutation: Your muscles are strong. (Str +4, Int/Dex
                  | -1) [potion of mutation]
  3085 | D:3      | Gained mutation: You are robust. (+10% HP) [potion of
                  | mutation]
  3085 | D:3      | Gained mutation: Your spells are a little harder to cast,
                  | but a little more powerful. [potion of mutation]
  3086 | D:3      | Lost mutation: You are robust. (+10% HP) [potion of
                  | mutation]
  3086 | D:3      | Lost mutation: Your muscles are strong. (Str +4, Int/Dex
                  | -1) [potion of mutation]
  3086 | D:3      | Lost mutation: Your spells are a little harder to cast, but
                  | a little more powerful. [potion of mutation]
  3086 | D:3      | Gained mutation: Your body sometimes deteriorates upon
                  | taking damage. [potion of mutation]
  3086 | D:3      | Gained mutation: You are strong-willed. (Will+) [potion of
                  | mutation]
  3086 | D:3      | Gained mutation: You passively dampen the noise of your
                  | surroundings. [potion of mutation]
  3152 | D:4      | Noticed a scorpion
  3160 | D:4      | Killed a scorpion
  3161 | D:4      | Reached skill level 5 in Conjurations
  3161 | D:4      | Reached XP level 4. HP: 33/33 MP: 0/8
  3255 | D:4      | Noticed Menkaure
  3261 | D:4      | Killed Menkaure
  3262 | D:4      | Reached XP level 5. HP: 28/39 MP: 3/10
  3546 | D:4      | Reached XP level 6. HP: 35/46 MP: 1/11
  3681 | D:4      | Reached skill level 1 in Polearms
  4367 | D:4      | Noticed Ijyb
  4380 | D:4      | Killed Ijyb
  4835 | D:5      | Entered Level 5 of the Dungeon
  4846 | D:5      | Reached skill level 1 in Fighting
  4940 | D:5      | Found a glowing golden altar of the Shining One.
  5163 | D:5      | Your scales start taking on a dull iron-grey colour.
  5163 | D:5      | Reached XP level 7. HP: 28/52 MP: 7/13
  5165 | D:5      | Reached skill level 6 in Conjurations
  5372 | D:5      | Identified the +7 falchion "Wipreg" {drain, rC- Dex+2 SInv}
  5729 | D:6      | Found a staircase to the Ecumenical Temple.
  5733 | D:6      | Noticed Maggie
  5759 | D:6      | Killed Maggie
  5760 | D:6      | Reached skill level 5 in Spellcasting
  5984 | D:6      | Reached XP level 8. HP: 60/60 MP: 9/15
  6116 | D:6      | Reached skill level 7 in Conjurations
  6816 | D:6      | Identified a scroll of acquirement
  6816 | D:6      | Acquired a staff of conjuration
  7315 | D:7      | Noticed Joseph
  7329 | D:7      | Killed Joseph
  7502 | D:7      | Reached XP level 9. HP: 54/67 MP: 10/18
  7632 | D:7      | Reached skill level 8 in Conjurations
  8055 | D:7      | Noticed Prince Ribbit
  8062 | D:7      | Killed Prince Ribbit
  8193 | D:7      | Found a radiant altar of Vehumet.
  8260 | D:7      | Found a runed translucent door.
  8261 | D:7      | Noticed Crazy Yiuf
  8286 | D:7      | Found an ornate altar of the Wu Jian Council.
  8595 | D:7      | Found a sacrificial altar of Ru.
  8671 | D:7      | Killed Crazy Yiuf
  8753 | D:7      | Learned a level 3 spell: Dazzling Flash
  8917 | D:8      | Paralysed by a hornet for 3 turns
  9224 | D:8      | Reached skill level 9 in Conjurations
  9239 | D:8      | Reached XP level 10. HP: 56/75 MP: 3/21
  9408 | D:8      | Found a white marble altar of Elyvilon.
  9698 | D:9      | Found a staircase to the Orcish Mines.
  9699 | D:9      | Noticed a four-headed hydra
  9711 | D:9      | Killed a four-headed hydra
  9712 | D:9      | Reached skill level 5 in Stealth
  9867 | D:9      | Noticed a two-headed ogre
  9868 | D:9      | Noticed a two-headed ogre
  9869 | D:9      | Noticed a skeletal warrior
  9870 | D:9      | Noticed a two-headed ogre
  9891 | D:10     | Entered Level 10 of the Dungeon
 10125 | D:10     | HP: 3/77 [yak (2)]
 10126 | D:10     | Reached skill level 5 in Dodging
 10152 | D:10     | Slain by a yak

Illustrated notes

Levels and vault maps discovered:
D:1:      minmay_arrival_stone_box, layout_basic
D:2:      layout_loops_ring, shapermc_ecumenical_altar_mp_vishouse
D:3:      layout_loops_ring, riverfiend_overflow_shadow_ancestor,
          minmay_misc_feat_columns, serial_bayou_lagoon_b
D:4:      layout_layer_cave, uniq_menkaure, uniq_ijyb
D:5:      layout_basic, mainiacjoe_overflow_concentric_impassable
D:6:      nicolae_cairo_tiling_large_dashed, layout_loops_corners,
          minmay_temple_entry_stoned_glass, uniq_maggie
D:7:      layout_loops_corners, nicolae_wu_jian_immortal_techniques,
          lemuel_round_altar, kennysheep_little_box, minmay_microvault,
          uniq_joseph, uniq_prince_ribbit1, uniq_crazy_yiuf_cottage
D:8:      layout_rooms, old_standard_altar
D:9:      hangedman_cross_stitches, layout_irregular_city,
          gammafunk_temple_overflow_pools, uniq_harold
D:10:     layout_grid_maze, minmay_lair_entry_grove, minmay_rotating_lava

Skill      XL: |  1  2  3  4  5  6  7  8  9 10 |
---------------+-------------------------------+-----
Dodging        | 2 3 4 5 |  5.0
Stealth        | 2 3 4 5 |  5.2
Spellcasting   | 3 4 5 6 7 8 |  8.8
Conjurations   | 5 6 7 9 |  9.8
Polearms       | 1 3 |  3.9
Fighting       | 1 2 3 |  3.2
Unarmed Combat | |  0.6

Action                     |  1- 3 |  4- 6 |  7- 9 | 10-12 || total
---------------------------+-------+-------+-------+-------++-------
  Melee: Unarmed           |    30 |       |       |       ||    30
         Tailslap          |     8 |       |     1 |     7 ||    16
         Spear             |    14 |     2 |    18 |       ||    34
         Staff             |       |       |       |    18 ||    18
         Punch             |       |       |       |     1 ||     1
   Cast: Magic Dart        |    85 |    39 |    73 |    14 ||   211
         Searing Ray       |     3 |    11 |    53 |    19 ||    86
    Use: Scroll            |     8 |     1 |     5 |     3 ||    17
         Potion            |     3 |       |     1 |     3 ||     7
 Armour: Skin              |    25 |     7 |    41 |    52 ||   125
  Dodge: Dodged            |    32 |     8 |    61 |    74 ||   175

Table legend: (Time is in decaauts)
 A = Elapsed time spent in this place.
 B = Non-inter-level travel time spent in this place.
 C = Inter-level travel time spent in this place.
 D = Time resting spent in this place.
 E = Time spent auto-exploring this place.
 F = Levels seen in this place.
 G = Mean time per level.
                   A        B        C        D        E       F      G
               +--------+--------+--------+--------+--------+-----+--------+
         Total |  10177 |   9905 |    272 |      0 |   8738 |  10 | 1017.7 |
       Dungeon |  10177 |   9905 |    272 |      0 |   8738 |  10 | 1017.7 |
               +--------+--------+--------+--------+--------+-----+--------+

Top non-repeatable levels by time:
     D:7: 1921 daAuts
     D:4: 1727 daAuts
     D:1: 1316 daAuts
     D:6: 1204 daAuts
     D:8: 949 daAuts
     D:3: 905 daAuts
     D:2: 905 daAuts
     D:5: 792 daAuts
    D:10: 262 daAuts
     D:9: 192 daAuts
